Map: Acropolis LE

Players

LiquidSnute (Snute) - Winner!

  • Race: Zerg Zerg
  • League: Grandmaster
  • Spawn Location: 11:00

SpaceMarine

  • Race: Protoss Protoss
  • League: Master
  • Spawn Location: 5:00

Event: NationWars 2019

VOD

Have the link to the VOD?

Description

Time

  • Played on: Sept. 30, 2019, 2:21 p.m.
  • Length: 9:53
Show
View Real Time Build Order
Export as new Build Order

LiquidSnute Zerg - Winner!

Build Orders: Hatch First 

Get SALT Encoding   

  12  0:00  Drone  
  13  0:12  Overlord  
  13  0:17  Drone  
  14  0:30  Drone x2  
  14  0:34  Drone  
  17  0:51  Hatchery  
  17  0:54  Drone  
  17  0:57  Drone  
  18  1:05  Extractor  
  17  1:13  Spawning Pool  
  17  1:16  Drone  
  17  1:18  Drone  
  18  1:27  Drone  
  19  1:38  Overlord  
  19  1:49  Drone  
  20  1:59  Queen  
  23  2:01  Zergling x2  
  23  2:02  Queen  
  23  2:03  Zergling x2  
  23  2:07  Metabolic Boost  
  26  2:10  Zergling x2  
  26  2:14  Drone  
  28  2:22  Zergling x2  
  29  2:30  Overlord  
  29  2:33  Drone  
  30  2:39  Hatchery  
  30  2:43  Drone  
  30  2:44  Drone  
  31  2:47  Drone  
  32  2:54  Drone  
  33  2:59  Drone  
  33  3:00  Queen  
  36  3:07  Drone x3  
  36  3:11  Drone x2  
  41  3:29  Drone x3, Overlord  
  41  3:32  Overlord  
  44  3:34  Spore Crawler  
  44  3:35  Spore Crawler  
  44  3:36  Drone  
  44  3:41  Drone  
  44  3:45  Overlord  
  44  3:49  Drone  
  44  3:50  Roach Warren, Drone, Extractor  
  44  3:51  Drone  
  44  3:55  Drone  
  46  3:56  Drone  
  46  3:58  Drone  
  46  4:02  Drone  
  49  4:04  Drone  
  50  4:10  Spore Crawler  
  50  4:16  Drone x2  
  51  4:31  Roach x5  
  51  4:32  Roach x4  
  51  4:34  Roach  
  71  4:45  Drone x3, Overlord  
  74  4:46  Lair  
  74  4:49  Overlord  
  74  4:54  Overlord  
  74  5:06  Drone x9  
  82  5:10  Drone  
  83  5:16  Drone x2  
  83  5:17  Drone x4  
  83  5:21  Overlord  
  89  5:22  Drone x2  
  91  5:32  Drone  
  91  5:33  Queen x2  
  91  5:34  Extractor  
  95  5:39  Drone x2  
  95  5:40  Extractor x2  
  93  5:47  Drone x6  
  96  5:50  Spire  
  96  5:53  Roach  
  100  6:04  Roach x5  
  100  6:07  Drone x2  
  100  6:08  Queen  
  105  6:15  Overlord  
  105  6:16  Overseer  
  105  6:20  Overlord  
  105  6:22  Overlord x2  
  105  6:23  Extractor  
  105  6:24  Overlord  
  105  6:25  Overlord  
  104  6:28  Overlord  
  104  6:32  Overlord  
  104  6:48  Hatchery  
  103  6:58  Queen x3  
  109  7:02  Mutalisk x5  
  109  7:03  Mutalisk x2  
  123  7:10  Mutalisk  
  123  7:12  Zergling x18  
  134  7:17  Mutalisk  
  134  7:18  Mutalisk  
  138  7:23  Zergling x12  
  144  7:30  Baneling Nest  
  144  7:32  Hydralisk Den  
  144  7:35  Evolution Chamber  
  141  7:43  Zergling x12  
  147  7:56  Mutalisk x4  
  152  7:59  Drone x4  
  142  8:13  Zergling x10  
  142  8:16  Mutalisk x4  
  137  8:22  Zergling x12  
  130  8:27  Zergling x6  
  130  8:32  Mutalisk  
  121  8:40  Zergling x6  
  124  8:45  Zergling x10  
  124  8:48  Mutalisk x3  
  129  8:54  Mutalisk  
  137  8:56  Zergling x12  
  141  9:08  Mutalisk x2  
  141  9:15  Zergling x22  
  149  9:22  Mutalisk x2  
Show
View Real Time Build Order
Export as new Build Order

SpaceMarine Protoss 

Build Orders: 1 Gate Expand, Archon Immortal, Archon Drop 

Get SALT Encoding   

  12  0:01  Probe  
  13  0:13  Probe  
  14  0:20  Pylon  
  14  0:25  Probe  
  15  0:39  Probe (Chrono Boost), Gateway  
  16  0:47  Probe (Chrono Boost)  
  16  0:48  Assimilator  
  17  0:53  Probe  
  18  1:05  Probe  
  19  1:17  Probe  
  20  1:25  Nexus  
  20  1:33  Cybernetics Core  
  20  1:37  Probe  
  21  1:43  Assimilator  
  21  1:49  Probe  
  21  1:53  Pylon  
  22  2:01  Probe (Chrono Boost)  
  23  2:09  Adept (Chrono Boost)  
  23  2:11  Warp Gate  
  23  2:13  Probe (Chrono Boost)  
  26  2:18  Probe (Chrono Boost)  
  26  2:22  Twilight Council  
  28  2:30  Probe (Chrono Boost)  
  28  2:31  Stalker  
  30  2:37  Probe (Chrono Boost)  
  32  2:46  Probe x2 (Chrono Boost)  
  33  2:51  Probe (Chrono Boost)  
  33  2:53  Probe  
  35  3:02  Gateway  
  35  3:03  Probe (Chrono Boost)  
  35  3:04  Resonating Glaives  
  37  3:06  Probe (Chrono Boost)  
  37  3:14  Gateway  
  37  3:15  Probe (Chrono Boost)  
  39  3:23  Probe (Chrono Boost)  
  39  3:24  Probe (Chrono Boost)  
  40  3:28  Sentry  
  40  3:29  Probe  
  40  3:30  Probe  
  40  3:31  Shield Battery  
  42  3:34  Pylon  
  42  3:41  Pylon, Probe  
  42  3:42  Probe  
  42  3:46  Robotics Facility  
  44  3:49  Assimilator  
  44  3:52  Assimilator  
  44  3:53  Probe  
  44  3:54  Probe  
  46  4:06  Dark Shrine  
  46  4:07  Probe x2  
  46  4:09  Adept x2  
  52  4:10  Adept  
  52  4:15  Pylon  
  54  4:21  Probe  
  55  4:25  Pylon  
  55  4:27  Probe  
  55  4:29  Adept  
  55  4:30  Adept x2  
  62  4:34  Warp Prism (Chrono Boost)  
  64  4:43  Gateway  
  64  5:06  Immortal (Chrono Boost)  
  65  5:16  Pylon x2  
  65  5:30  Dark Templar x3  
  71  5:36  Immortal (Chrono Boost)  
  75  5:49  Adept  
  79  5:57  Probe x2  
  79  5:59  Archon  
  79  6:02  Nexus  
  79  6:03  Pylon  
  79  6:05  Pylon, Immortal (Chrono Boost)  
  79  6:08  Sentry x2  
  79  6:11  Dark Templar  
  81  6:15  Archon  
  81  6:16  Pylon  
  79  6:21  Sentry  
  81  6:29  Probe  
  81  6:31  Probe  
  83  6:34  Immortal (Chrono Boost)  
  87  6:41  Probe  
  87  6:43  Probe  
  89  6:53  Probe  
  90  6:58  Sentry x2  
  90  6:59  Adept x2  
  98  7:01  Charge  
  98  7:03  Immortal (Chrono Boost)  
  102  7:13  Probe x2  
  104  7:17  Probe  
  105  7:25  Probe  
  105  7:26  Gateway  
  105  7:27  Gateway  
  105  7:28  Gateway  
  105  7:29  Gateway  
  106  7:31  Gateway  
  106  7:32  Gateway  
  106  7:33  Immortal (Chrono Boost)  
  106  7:36  Probe x2  
  112  7:37  Probe  
  103  7:46  Stalker x2  
  103  7:47  Stalker  
  103  7:48  Stargate x2  
  109  7:57  Stalker  
  91  8:14  Stalker x3  
  87  8:24  Stalker x3  
  81  8:28  Stalker  
  75  8:37  Phoenix (Chrono Boost)  
  77  8:44  Shield Battery  
  77  8:47  Shield Battery  
  79  8:48  Shield Battery  
  79  8:49  Phoenix (Chrono Boost), Pylon  
  79  9:00  Phoenix (Chrono Boost)  
  79  9:02  Adept x2  
  82  9:19  Phoenix (Chrono Boost)  
  70  9:24  Phoenix (Chrono Boost)  
Tags
 
Add a new tag
Caveats
  • Supply blocks, unpowered buildings, or Contaminate may cause inaccurate times.
  • Supply counts are checked every 10 seconds.